 Dungeon Crawl Stone Soup version 0.31.0-9-g3a7656b989 (webtiles) character file.

Game seed: 768057411074395116

39 qw the Shooter (level 3, -3/18 HPs)
             Began as a Spriggan Hunter on Feb 2, 2024.
             Slain by Terence
             ... wielding a +0 trident
              (5 damage)
             ... on level 2 of the Dungeon.
             The game lasted 00:00:03 (1115 turns).

qw the Shooter (Spriggan Hunter)                    Turns: 1115, Time: 00:00:03

Health: -3/18      AC:  2    Str:  7    XL:     3   Next: 26%
Magic:  4/4        EV: 19    Int: 10    God:
Gold:   55         SH:  0    Dex: 20    Spells: 2/2 levels left

rFire   + . .        a - +0 shortbow
rCold   . . .        (shield currently unavailable)
rNeg    . . .        c - +0 robe
rPois   .            (helmet restricted)
rElec   .            (no cloak)
rCorr   .            (gloves unavailable)
SInv    +            (boots unavailable)
Will    .....        (no amulet)
Stlth   ++           g - ring of protection from fire
HPRegen 0.23/turn    (no ring)
MPRegen 0.09/turn

%: no passive effects
@: very quick
A: very small, no large weapons, unfitting armour, see invisible, speed 3
a: no special abilities


You were on level 2 of the Dungeon.
You visited 1 branch of the dungeon, and saw 2 of its levels.

You collected 55 gold pieces.


Innate Abilities, Weirdness & Mutations

You are very small and have problems with some larger weapons.
You are too small for most types of armour.
You have supernaturally acute eyesight. (SInv)
You cover ground extremely quickly. (Speed+++)


   Skills:
 - Level 1.5 Fighting
 + Level 4.6 Ranged Weapons
 - Level 4.0 Dodging
 - Level 1.5 Stealth


You had 2 spell levels left.
You didn't know any spells.
Your spell library was empty.

Inventory:

Hand Weapons
 a - a +0 shortbow (weapon)
Armour
 c - a +0 robe (worn)
Jewellery
 f - a ring of fire
 g - a ring of protection from fire (left hand)
Scrolls
 d - a scroll of identify
Potions
 b - a potion of attraction {unknown}
 e - a potion of enlightenment {unknown}
 h - a potion of brilliance {unknown}
 i - a potion of curing {unknown}

Dungeon Overview and Level Annotations

Branches:
Dungeon (2/15)

Altars:

Annotations:
D:2 Terence


Message History

You shoot an arrow. The arrow hits Terence!
Terence is heavily wounded.
Terence shouts, "Get ready for death!"
Terence completely misses you.
A kobold comes into view. It is wielding a +0 club.
You shoot an arrow. The kobold shouts!
The arrow hits Terence.
Terence is severely wounded.
Terence completely misses you.
You shoot an arrow.
The arrow hits Terence but does no damage.
Terence is severely wounded.
Terence hits you from afar with a +0 trident.
Terence misses you.
You shoot an arrow. The arrow barely misses Terence.
Terence misses you.
You shoot an arrow. The arrow hits the kobold.
The kobold is severely wounded.
Terence hits you from afar with a +0 trident!
Ouch! That really hurt!
The kobold misses you.
You shoot an arrow. The arrow hits the kobold!
You kill the kobold!
Terence misses you.
You shoot an arrow. The arrow barely misses the kobold.
Terence completely misses you. The kobold closely misses you.
You shoot an arrow. The arrow hits the kobold!
You kill the kobold!
Terence closely misses you.
You shoot an arrow.
The arrow hits Terence but does no damage.
Terence is severely wounded.
Terence hits you from afar with a +0 trident.
Terence misses you.
You shoot an arrow. The arrow hits Terence.
Terence is severely wounded.
Terence hits you from afar with a +0 trident.
You die...
Terence says, "Time to find some more victims."

...#.##.......#....#.# #
##.#.##..################
#.#.##..###7.7.7.8.7.7.7####
#.#........................#
#.#####.###7.7.7.8.7P7P7##.#
#.# #..#################.## #.#
#.......#.............#
#.#############.#.#.#.......#
#..............@).#.........#
###############)............###
@....###....%...#
.................#
.......##.........#
........#######.#### ..).######
#..# ..... ##.# #.#


You could see Terence.

Vanquished Creatures
  A dart slug (D:2)
  4 bats
  2 endoplasms (D:1)
  5 goblins
  3 hobgoblins
  3 jackals (D:2)
  2 quokkas (D:1)
  3 ball pythons
  3 frilled lizards
  4 kobolds
  3 rats
33 creatures vanquished.

Notes
Turn   | Place    | Note
-------+----------+-------------------------------------------
     0 | D:1      | qw the Spriggan Hunter began the quest for the Orb.
     0 | D:1      | Reached XP level 1. HP: 10/10 MP: 2/2
     0 | D:1      | 0 ||| qw: Version: 0.3-a-155-g5e7d8dd
     0 | D:1      | 0 ||| qw: Game counter: 2604
     0 | D:1      | 0 ||| qw: Melee chars always use a shield: true
     0 | D:1      | 0 ||| qw: God list: Okawaru
     0 | D:1      | 0 ||| qw: Allow faded altars: false
     0 | D:1      | 0 ||| qw: Do Orc after clearing Dungeon:15 true
     0 | D:1      | 0 ||| qw: Do second Lair branch before Depths: true
     0 | D:1      | 0 ||| qw: Lair rune preference: random
     0 | D:1      | 0 ||| qw: Goals: Normal
     0 | D:1      | 0 ||| PLANNING D:1-11
   105 | D:1      | Reached skill level 3 in Dodging
   273 | D:1      | Reached XP level 2. HP: 14/14 MP: 3/3
   577 | D:1      | 577 ||| UPGRADING to ring of protection from fire.
   578 | D:1      | 578 ||| READING scroll labelled YFRUNU GOULL.
   578 | D:1      | 578 ||| IDENTIFYING lumpy green potion
   579 | D:1      | 579 ||| DROPPING scroll of butterflies.
   580 | D:1      | 580 ||| DROPPING potion of lignification.
   601 | D:2      | Found a faded altar of an unknown god.
   724 | D:2      | Reached XP level 3. HP: 18/18 MP: 4/4
   825 | D:2      | Identified the +2 quarterstaff of the Cursing Gods {freeze,
                  | Will+ Int+3}
   928 | D:2      | 928 ||| FLEEEEING.
   930 | D:2      | 930 ||| FLEEEEING.
   931 | D:2      | 931 ||| FLEEEEING.
   932 | D:2      | 932 ||| FLEEEEING.
  1104 | D:2      | Noticed Terence
  1114 | D:2      | HP: 2/18 [Terence/+0 trident (5)]
  1115 | D:2      | Slain by Terence

Levels and vault maps discovered:
D:1:      minmay_arrival_cross, layout_loops_ring
D:2:      layout_basic, nicolae_ecumenical_oubliette,
          dreamdust_princess_corridor, uniq_terence

Skill      XL: |  1  2 |
---------------+-------+-----
Dodging        | 3 4 |  4.0
Fighting       | |  1.5
Ranged Weapons | |  4.6
Stealth        | |  1.5

Action                     || total
---------------------------++-------
   Fire: Shortbow          ||    86
    Use: Scroll            ||     1
 Armour: Robe              ||     9
  Dodge: Dodged            ||    43

Table legend:
 A = Non-vault XP
 B = Vault XP
 C = Vault XP percentage of total XP
 D = Non-vault monster count
 E = Vault monster count
 F = Vault count percentage of total count
                 A         B        C        D         E       F
            +---------+---------+-------+---------+---------+-------
      Total |      56 |       0 |   0.0 |      33 |       0 |   0.0
            +---------+---------+-------+---------+---------+-------
        D:1 |      26 |       0 |   0.0 |      15 |       0 |   0.0
        D:2 |      30 |       0 |   0.0 |      18 |       0 |   0.0
            +---------+---------+-------+---------+---------+-------
